 Dungeon Crawl Stone Soup version 0.25-a0-488-g03579ab4a3 (webtiles) character file.

Game seed: 8643460893553924599, levelgen mode: deterministic

30428 Lugonue the Thaumaturge (level 13, -4/125 HPs)
             Began as a Purple Draconian Conjurer on Feb 7, 2020.
             Was the Champion of Cheibriados.
             Slain by a death yak (20 damage)
             ... on level 4 of the Lair of Beasts on Feb 10, 2020.
             The game lasted 01:03:05 (18835 turns).

Lugonue the Thaumaturge (DrCj)                     Turns: 18835, Time: 01:03:06

Health: -4/125     AC: 13    Str: 34    XL:     13   Next: 20%
Magic:  33/38      EV: 19    Int: 34    God:    Cheibriados [******]
Gold:   430        SH:  0    Dex: 27    Spells: 15/37 levels left

rFire    . . .     SeeInvis +   b - +3 scimitar (flame)
rCold    . . .     Gourm    .   (no shield)
rNeg     . . .     Faith    .   (armour unavailable)
rPois    .         Spirit   .   c - +1 hat
rElec    .         Reflect  .   B - scarf {repulsion}
rCorr    .         Harm     .   A - +0 pair of gloves
MR       +....                  f - +2 pair of boots
Stlth    +++++.....             (no amulet)
HPRegen  0.30/turn              N - ring "Siazuru" {+Fly Str+2 Stlth+}
MPRegen  0.26/turn              L - ring of magical power

@: mighty, flying, repel missiles, very slow
A: breathe power, unfitting armour, see invisible, robust 1, cold-blooded, AC +8
a: Breathe Dispelling Energy, Bend Time, Temporal Distortion, Slouch, Step From
Time, Renounce Religion, Stop Flying


You were on level 4 of the Lair of Beasts.
You worshipped Cheibriados.
Cheibriados was exalted by your worship.
You were not hungry.

You visited 3 branches of the dungeon, and saw 17 of its levels.
You also visited: Ossuary.

You collected 1195 gold pieces.
You spent 765 gold pieces at shops.

Inventory:

Hand Weapons
 b - a +3 scimitar of flaming (weapon)
 F - a +5 rapier of draining
 M - the +10 battleaxe of the Hummingbird {pain, rC+ Str-3 Dex+3}
   (You found it on level 10 of the Dungeon)

   In the hands of one skilled in necromantic magic, it inflicts extra damage on
   living creatures.
   It affects your strength (-3).
   It affects your dexterity (+3).
   It protects you from cold.
Missiles
 x - 66 poisoned darts (quivered)
 E - 3 throwing nets
Armour
 c - a +1 hat (worn)
 f - a +2 pair of boots (worn)
 A - a +0 pair of gloves (worn)
 B - a scarf of repulsion (worn)
Magical Staves
 a - an uncursed staff of conjuration
Jewellery
 h - an uncursed ring of ice
 u - an uncursed ring of positive energy
 L - a ring of magical power (right hand)
 N - the ring "Siazuru" (left hand) {+Fly Str+2 Stlth+}
   (You found it on level 3 of the Lair of Beasts)

   [ring of flight]

   It affects your strength (+2).
   It lets you fly.
   It makes you more stealthy.
Wands
 s - a wand of flame (40)
 t - a wand of polymorph (7)
 y - a wand of digging (10)
 z - a wand of acid (6)
 G - a wand of iceblast (22)
 J - a wand of enslavement (17)
Scrolls
 e - a scroll of blinking
 g - 6 scrolls of remove curse
 i - 5 scrolls of magic mapping
 v - 4 scrolls of amnesia
 D - 7 scrolls of teleportation
 H - a scroll of silence
 I - a scroll of identify
 K - a scroll of immolation
 Q - a scroll of fog
Potions
 d - a potion of agility
 j - 5 potions of curing
 l - 2 potions of cancellation
 m - 2 potions of flight
 o - 2 potions of magic
 q - a potion of ambrosia
 r - 2 potions of brilliance
 w - 2 potions of resistance
Miscellaneous
 n - a lamp of fire (inert)
 p - a phial of floods (inert)
Comestibles
 k - 22 rations


   Skills:
 * Level 10.7 Fighting
 - Level 7.5(7.9) Short Blades
 + Level 3.4(5.9) Long Blades
 + Level 4.8(5.3) Axes
   Level 3.2(4.5) Maces & Flails
 + Level 0.4 Throwing
 + Level 7.0 Dodging
 + Level 5.7 Stealth
 + Level 0.4 Unarmed Combat
 * Level 12.5 Spellcasting
 + Level 9.1 Conjurations
 + Level 3.3 Hexes
 + Level 0.6 Translocations
 + Level 2.6 Air Magic
 + Level 2.7 Poison Magic
 + Level 1.4 Evocations


You had 15 spell levels left.
You knew the following spells:

 Your Spells              Type           Power        Failure   Level  Hunger
a - Magic Dart            Conj           ####         1%          1    None
b - Searing Ray           Conj           ######       1%          2    None
c - Dazzling Flash        Conj/Hex       ######       1%          3    None
d - Iskenderun's Mystic   Conj/Tloc      ######..     2%          4    None
e - Fulminant Prism       Conj/Hex       ######....   1%          4    None
f - Lightning Bolt        Conj/Air       ######....   4%          5    None
g - Mephitic Cloud        Conj/Pois/Air  ######..     1%          3    None

Your spell library contained the following spells:

 Spells                   Type           Power        Failure   Level  Hunger
 Shock                    Conj/Air       ####         1%          1    None
 Poisonous Vapours        Pois/Air       #####.       1%          2    None
 Swiftness                Chrm/Air       ####....     1%          2    None
 Conjure Flame            Conj/Fire      ######..     1%          3    None
 Static Discharge         Conj/Air       ######..     1%          3    None
 Airstrike                Air            #####.....   7%          4    None
 Freezing Cloud           Conj/Ice/Air   #####.....   54%         6    ####...
 Ring of Flames           Chrm/Fire      ###.......   100%        7    #####..


Dungeon Overview and Level Annotations

Branches:
Dungeon (11/15)            Temple (0/1) D:5            Lair (4/6) D:10
  Swamp (0/4) Lair:2        Snake (0/4) Lair:2          Orc (2/2) D:11
Ossuary (visited)
    Elf: Orc:2

Altars:
Ashenzari
Cheibriados
Elyvilon
Fedhas
Kikubaaqudgha
Nemelex Xobeh
Okawaru
Ru
Sif Muna
Uskayaw
Vehumet
Wu Jian
Xom
Beogh

Shops:
D:9 *:}   D:10 %

Annotations:
D:3 Grinder, Sigmund
D:6 1 runed translucent door, exclusion: statue, krystol's ghost, novice TrFi
D:8 1 runed translucent door, mopl's ghost, novice DsSk


Innate Abilities, Weirdness & Mutations

You can breathe bolts of dispelling energy.
Your rich purple scales are hard. (AC +8)
You cannot fit into any form of body armour.
You are cold-blooded and may be slowed by cold attacks.
You have supernaturally acute eyesight. (SInv)
You are robust. (+10% HP)


Message History

Press: ? - help, Shift-Dir - straight line, f - death yak
Aim: a death yak (severely wounded)
The bolt of acid hits the death yak!
The death yak is splashed with acid.
The death yak is almost dead.
The death yak gores you!
* * * LOW HITPOINT WARNING * * *
Casting: Mephitic Cloud (safe; 1% risk of failure)
Confirm with . or Enter, or press ? or * to list all spells.
Okay, then.
Unknown command.
Casting: Mephitic Cloud (safe; 1% risk of failure)
Confirm with . or Enter, or press ? or * to list all spells.
Aiming: Lightning Bolt (safe; 4% risk of failure)
Press: ? - help, Shift-Dir - straight line, f/p - death yak
Aim: a death yak (almost dead)
You hear a mighty clap of thunder!
The bolt of lightning hits the death yak but does no damage.
The death yak is almost dead.
The death yak gores you!!
You die...

..########.#P.........## <
##.###...#............#
.....
#####................##
.....
.#.................####
.....
...##.#...............###
.....
.#######.........##.#...#
.[... P#
#........#####....####.....
## #.......†.##
###...........
##.....###@#####...#.......
#.....# ##Y##......#.##...
....#######†.≈........##..
#.P......|......##.
#...................
#...........>...#...
#..............#.#..
##..............###.
#...............#..


You could see a death yak.

Vanquished Creatures
  6 hydras
  Erica (D:9)
  Harold (D:11)
  5 death yaks
  2 unseen horrors
  An orc knight (Orc:1)
  Pikel (D:5)
  Joseph (D:9)
  A black mamba (Lair:2)
  Maggie (Lair:1)
  A gargoyle (D:11)
  7 spiny frogs
  6 komodo dragons
  A troll (Orc:1)
  7 blink frogs
  5 hippogriffs
  2 wraiths
  5 wyverns
  Eustachio (D:6)
  14 yaks
  2 basilisks
  A hungry ghost (D:8)
  Menkaure (D:5)
  A warg (Orc:2)
  2 soldier ants (D:8)
  6 water moccasins
  6 porcupines
  3 ice beasts
  13 orc warriors
  3 sky beasts
  5 phantoms
  2 ogres
  8 centaurs
  6 crocodiles
  12 bullfrogs
  A wyvern zombie (D:9)
  A water moccasin skeleton (D:8)
  5 scorpions
  15 killer bees
  5 wights (D:11)
  A howler monkey (D:5)
  2 electric eels
  2 bullfrog zombies
  3 jellies
  2 centaur zombies
  3 hounds
  2 quasits
  2 crimson imps
  2 human zombies (Ossuary)
  4 orc priests
  12 orc wizards
  4 bullfrog skeletons
  2 centaur skeletons
  4 iguanas
  4 hell rats (Lair:4)
  7 worker ants
  A bullfrog simulacrum (D:9)
  2 hound skeletons
  3 mummies (Ossuary)
  A killer bee simulacrum (D:9)
  3 worker ant zombies
  7 gnolls
  4 adders
  3 shadow imps
  3 white imps (D:9)
  4 adder zombies
  An adder skeleton (D:8)
  4 worms
  5 dart slugs
  4 leopard geckos
  53 orcs
  5 bats
  7 giant cockroaches
  A gnoll zombie (Ossuary)
  7 hobgoblins
  10 jackals
  3 quokkas
  A ball python (D:4)
  4 frilled lizards
  10 goblins
  3 goblin zombies
  4 hobgoblin zombies (Ossuary)
  A jackal zombie (D:8)
  7 kobolds
  A kobold zombie (Ossuary)
  5 quokka zombies (Ossuary)
  8 rats
  A rat zombie (D:5)
  8 fulminant prisms
407 creatures vanquished.

Vanquished Creatures (collateral kills)
  A black mamba (Lair:4)
1 creature vanquished.

Vanquished Creatures (others)
  A giant cockroach (D:5)
  31 fulminant prisms
  2 fungi (Lair:4)
  2 plants
36 creatures vanquished.

Grand Total: 444 creatures vanquished

Notes
Turn   | Place    | Note
-------+----------+-------------------------------------------
     0 | D:1      | Lugonue the Draconian Conjurer began the quest for the Orb.
     0 | D:1      | Reached XP level 1. HP: 14/14 MP: 3/3
   317 | D:1      | Reached XP level 2. HP: 20/20 MP: 1/5
  1405 | D:2      | Reached XP level 3. HP: 13/26 MP: 0/6
  1707 | D:2      | Reached XP level 4. HP: 9/33 MP: 7/7
  2005 | D:2      | Found a hide-covered altar of Uskayaw.
  2043 | D:2      | Found an iron altar of Okawaru.
  2779 | D:3      | Reached skill level 5 in Conjurations
  2802 | D:3      | Reached skill level 1 in Short Blades
  2866 | D:3      | Noticed Grinder
  2891 | D:3      | Noticed Sigmund
  2942 | D:3      | Learned a level 2 spell: Searing Ray
  3251 | D:3      | Found a white marble altar of Elyvilon.
  3379 | D:3      | Found a snail-covered altar of Cheibriados.
  3391 | D:3      | Became a worshipper of Cheibriados the Contemplative
  3603 | D:4      | Reached skill level 1 in Fighting
  3603 | D:4      | Reached XP level 5. HP: 40/40 MP: 4/8
  3803 | D:4      | You fall into a shaft and drop 1 floor!
  3803 | D:5      | Entered Level 5 of the Dungeon
  3803 | D:5      | Found a sand-covered staircase.
  3810 | Ossuary  | Entered an ossuary
  4566 | D:5      | Reached * piety under Cheibriados
  4566 | D:5      | Reached XP level 6. HP: 48/48 MP: 1/10
  4664 | D:5      | Noticed a sky beast
  4801 | D:5      | Killed a sky beast
  4801 | D:5      | Reached skill level 3 in Spellcasting
  4821 | D:5      | Your scales start taking on a rich purple colour.
  4821 | D:5      | Reached XP level 7. HP: 44/56 MP: 0/12
  4934 | D:5      | Noticed Menkaure
  4939 | D:5      | Killed Menkaure
  4939 | D:5      | Reached skill level 4 in Spellcasting
  5305 | D:5      | Reached ** piety under Cheibriados
  5347 | D:5      | Found a staircase to the Ecumenical Temple.
  5487 | D:5      | Noticed Pikel
  5497 | D:5      | Killed Pikel
  5497 | D:5      | Reached skill level 5 in Spellcasting
  5497 | D:5      | Reached XP level 8. HP: 29/66 MP: 1/16
  5755 | D:4      | Found a shattered altar of Ashenzari.
  6608 | D:6      | Found a white marble altar of Elyvilon.
  6608 | D:6      | Found an opulent altar of Gozag.
  6608 | D:6      | Found a sparkling altar of Nemelex Xobeh.
  6608 | D:6      | Found a blossoming altar of Fedhas.
  6608 | D:6      | Found a shattered altar of Ashenzari.
  6608 | D:6      | Found a shimmering altar of Xom.
  6628 | D:6      | Reached skill level 6 in Spellcasting
  6630 | D:6      | Found a sparkling altar of Nemelex Xobeh.
  6659 | D:6      | Reached skill level 5 in Short Blades
  6727 | D:6      | Reached skill level 1 in Maces & Flails
  6764 | D:6      | Reached *** piety under Cheibriados
  6834 | D:6      | Reached XP level 9. HP: 73/73 MP: 13/18
  6839 | D:6      | Learned a level 3 spell: Dazzling Flash
  6844 | D:6      | Found a shimmering blue altar of Sif Muna.
  6902 | D:6      | Noticed krystol's ghost (novice TrFi)
  6905 | D:6      | Found a runed translucent door.
  6979 | D:6      | Reached skill level 5 in Fighting
  7011 | D:6      | Learned a level 4 spell: Iskenderun's Mystic Blast
  7013 | D:6      | Found an ancient bone altar of Kikubaaqudgha.
  7089 | D:6      | Found an ornate altar of the Wu Jian Council.
  7128 | D:6      | Noticed Eustachio
  7165 | D:6      | Killed Eustachio
  7428 | D:6      | Found a radiant altar of Vehumet.
  7579 | D:6      | Gained mutation: You have supernaturally acute eyesight.
                  | (SInv) [potion of mutation]
  7579 | D:6      | Gained mutation: You are robust. (+10% HP) [potion of
                  | mutation]
  7744 | D:7      | Learned a level 4 spell: Fulminant Prism
  8315 | D:8      | Reached skill level 7 in Spellcasting
  8380 | D:8      | Reached **** piety under Cheibriados
  8609 | D:8      | Found a runed translucent door.
  8609 | D:8      | Found a shimmering altar of Xom.
  8609 | D:8      | Noticed mopl's ghost (novice DsSk)
  8609 | D:8      | Noticed a +2 trident of chaos
  8786 | D:8      | Reached ***** piety under Cheibriados
  8786 | D:8      | Reached skill level 8 in Spellcasting
  8839 | D:8      | Reached XP level 10. HP: 92/92 MP: 17/22
  8938 | D:8      | Reached skill level 1 in Hexes
  9267 | D:9      | Found a sacrificial altar of Ru.
  9349 | D:9      | Noticed Erica
  9360 | D:9      | Killed Erica
  9413 | D:9      | Reached skill level 5 in Dodging
  9507 | D:9      | Found Xuhypsoa's Magic Scroll Emporium.
  9579 | D:9      | Found Kucsom's Gadget Emporium.
  9657 | D:9      | Found Pipixzoc's Book Boutique.
  9767 | D:9      | Found Xacuacid's Assorted Antiques.
  9852 | D:9      | Noticed Joseph
  9856 | D:9      | Reached skill level 9 in Spellcasting
  9862 | D:9      | Killed Joseph
  9863 | D:9      | Noticed a death yak
  9877 | D:9      | Killed a death yak
 10416 | D:10     | Entered Level 10 of the Dungeon
 10416 | D:10     | Found a staircase to the Lair.
 10423 | D:10     | Found Ukotwuwu's Food Emporium.
 10615 | D:10     | Upgraded the game from 0.25-a0-474-ga8a2ee3166 to
                  | 0.25-a0-488-g03579ab4a3
 10801 | D:10     | Learned a level 5 spell: Lightning Bolt
 10828 | D:10     | Noticed an unseen horror
 10831 | D:10     | Killed an unseen horror
 10831 | D:10     | Reached XP level 11. HP: 103/103 MP: 14/24
 11046 | D:10     | Got a brightly glowing battleaxe
 11047 | D:10     | Identified the +10 battleaxe of the Hummingbird {pain, rC+
                  | Str-3 Dex+3} (You found it on level 10 of the Dungeon)
 11500 | D:11     | Noticed a four-headed hydra
 11510 | D:11     | Killed a four-headed hydra
 11724 | D:11     | Found a staircase to the Orcish Mines.
 11826 | D:11     | Reached ****** piety under Cheibriados
 11836 | D:11     | Noticed Harold
 11843 | D:11     | Killed Harold
 11843 | D:11     | Reached skill level 1 in Axes
 11843 | D:11     | Reached skill level 10 in Spellcasting
 12061 | D:11     | Noticed an unseen horror
 12065 | D:11     | Killed an unseen horror
 12385 | Orc:1    | Entered Level 1 of the Orcish Mines
 12388 | Orc:1    | Noticed an orc knight
 12413 | Orc:1    | Killed an orc knight
 12732 | Orc:2    | Entered Level 2 of the Orcish Mines
 12732 | Orc:2    | Found a roughly hewn altar of Beogh.
 12914 | D:9      | Bought a book of Clouds for 765 gold pieces
 12918 | D:9      | Learned a level 3 spell: Mephitic Cloud
 12997 | Orc:2    | Reached skill level 1 in Evocations
 13278 | Lair:1   | Entered Level 1 of the Lair of Beasts
 13366 | Lair:1   | Noticed Maggie
 13373 | Lair:1   | Killed Maggie
 13539 | Lair:1   | Reached XP level 12. HP: 108/114 MP: 23/26
 13589 | Lair:1   | Reached skill level 11 in Spellcasting
 13589 | Lair:1   | Reached skill level 1 in Air Magic
 14708 | Lair:2   | Noticed a four-headed hydra
 14717 | Lair:2   | Killed a four-headed hydra
 14717 | Lair:2   | Reached skill level 5 in Stealth
 14774 | Lair:2   | Reached skill level 1 in Poison Magic
 15390 | Lair:2   | Found a staircase to the Snake Pit.
 15441 | Lair:2   | Found a staircase to the Swamp.
 15668 | Lair:2   | Identified a scroll of acquirement
 15720 | Lair:2   | Noticed an eight-headed hydra
 15725 | Lair:2   | Killed a six-headed hydra
 15798 | Lair:2   | Reached skill level 10 in Fighting
 16692 | Lair:3   | Noticed a four-headed hydra
 16697 | Lair:3   | Killed a four-headed hydra
 16880 | Lair:3   | Reached skill level 12 in Spellcasting
 16909 | Lair:3   | Reached skill level 1 in Long Blades
 17067 | Lair:3   | Got a slimy marble ring
 17601 | Lair:4   | Noticed a six-headed hydra
 17613 | Lair:4   | Killed a two-headed hydra
 17980 | Lair:4   | Noticed a four-headed hydra
 17986 | Lair:4   | Killed a four-headed hydra
 17986 | Lair:4   | Reached XP level 13. HP: 125/125 MP: 7/29
 18341 | Lair:4   | Identified the ring "Siazuru" {+Fly Str+2 Stlth+} (You
                  | found it on level 3 of the Lair of Beasts)
 18835 | Lair:4   | Slain by a death yak

Levels and vault maps discovered:
D:1:      elethiomel_arrival_diamonds, layout_basic
D:2:      layout_basic, nicolae_overflow_crystal_walls, okawaru_gym_becter
D:3:      layout_rooms, kennysheep_slug_shrine, elyvilon_altar_5, uniq_robin,
          uniq_sigmund, uniq_crazy_yiuf_cottage, uniq_grinder
D:4:      layout_loops_corners, lemuel_crystal_altar, minmay_ruptured
D:5:      layout_rooms, temple_pool_b, first_ration, enter_ossuary_4,
          hangedman_decor_points, kennysheep_generic_room_5, uniq_menkaure,
          uniq_pikel
D:6:      layout_basic, old_standard_altar, vehumet_statue,
          kiku_gazebo_garden_becter, doesnt_xom_only_xom, tgw_sif,
          nemelex_xobeh_ov_fountains_minmay, hellmonk_ghost_happy_afterlife,
          uniq_eustachio
D:7:      layout_basic
D:8:      layout_loops_ring, ebering_ghost_xom, special_room [special_room_orc],
          hangedman_pestilent_swarm
D:9:      layout_cave_pods, nicolae_ru_path_of_blood, serial_ice, serial_ice_n,
          serial_ice_e, serial_ice_m, serial_ice_d, serial_shops,
          nicolae_shop_crystal, shop, nicolae_shop_statue_plus, shop_fountains,
          uniq_joseph, uniq_erica
D:10:     layout_long_grid, lair_entry_dummy, serial_shops, shop
D:11:     layout_basic, david_orc_2, nrook_pool_corridor, uniq_harold
Lair:1:   layout_cave_pods, serial_bayou_shore_a, uniq_maggie
Lair:2:   layout_gridlike, swamp_mist, dummy_snake_entry,
          infiniplex_staircase_pool, grunt_megastairs_3
Lair:3:   layout_regular_city, grunt_megastairs_5, lemuel_fruit_fields
Lair:4:   layout_cave_pods
Orc:1:    layout_caves
Orc:2:    st_orc_rangers, layout_caves, basic_altar

Skill      XL: |  1  2  3  4  5  6  7  8  9 10 11 12 13 |
---------------+----------------------------------------+-----
Stealth        | 2 3 4 5 |  5.7
Dodging        | 2 3 4 5 6 7 |  7.0
Conjurations   | 5 6 7 8 9 |  9.1
Short Blades   | 1 2 3 4 5 7 |  7.5
Fighting       | 1 2 4 6 8 9 10 | 10.7
Spellcasting   | 3 5 6 8 9 10 12 | 12.5
Maces & Flails | 1 3 |  3.2
Hexes          | 2 3 |  3.3
Axes           | 4 |  4.8
Evocations     | 1 |  1.4
Air Magic      | 2 |  2.6
Poison Magic   | 2 |  2.7
Long Blades    | 2 3 |  3.4
Throwing       | |  0.4
Unarmed Combat | |  0.4
Translocations | |  0.6

Action                   |  1- 3 |  4- 6 |  7- 9 | 10-12 | 13-15 || total
-------------------------+-------+-------+-------+-------+-------++-------
Melee: Unarmed           |    21 |       |       |       |       ||    21
       Tailslap          |    11 |    27 |    27 |    85 |    32 ||   182
       Dagger            |    89 |   148 |       |       |       ||   237
       Punch             |       |     1 |       |       |       ||     1
       Short sword       |       |   114 |    41 |       |       ||   155
       Whip              |       |       |    84 |       |       ||    84
       Rapier            |       |       |    62 |   172 |       ||   234
       Battleaxe         |       |       |       |    73 |       ||    73
       Scimitar          |       |       |       |    46 |    47 ||    93
       Staff             |       |       |       |     1 |       ||     1
Throw: Dart              |       |       |     4 |     1 |       ||     5
 Cast: Magic Dart        |    39 |    40 |    98 |   183 |     3 ||   363
       Searing Ray       |       |    14 |    44 |    44 |       ||   102
       Fulminant Prism   |       |       |     4 |    33 |     2 ||    39
       Dazzling Flash    |       |       |     1 |    17 |       ||    18
       Lightning Bolt    |       |       |       |    29 |     2 ||    31
       Mephitic Cloud    |       |       |       |    14 |     3 ||    17
       Iskenderun's Myst |       |       |       |     3 |       ||     3
 Abil: Breathe Dispellin |       |       |     2 |     1 |       ||     3
       Evoke Flight      |       |       |       |       |     2 ||     2
Evoke: Wand              |       |       |       |     7 |     3 ||    10
       Lamp of fire      |       |       |       |       |     1 ||     1
       Phial of floods   |       |       |       |       |     1 ||     1
  Use: Potion            |     2 |     2 |     2 |     8 |     2 ||    16
       Scroll            |       |    10 |     9 |    14 |     5 ||    38
 Stab: Sleeping          |     2 |     5 |     7 |     3 |     1 ||    18
       Distracted        |       |       |     1 |     1 |       ||     2
       Confused          |       |       |       |    10 |       ||    10
       Invisible         |       |       |       |     4 |       ||     4
  Eat: Chunk             |     2 |     5 |     7 |     3 |       ||    17
       Ration            |       |     2 |       |     4 |     1 ||     7
Armor: Skin              |    30 |   109 |    67 |    83 |     6 ||   295
Dodge: Dodged            |    72 |   171 |   149 |   417 |    45 ||   854
       Deflected         |       |       |       |    33 |       ||    33
       Rpst.: Scimitar   |       |       |       |    14 |    14 ||    28

Table legend:
 A = Non-vault XP
 B = Vault XP
 C = Vault XP percentage of total XP
 D = Non-vault monster count
 E = Vault monster count
 F = Vault count percentage of total count
                 A         B        C        D         E       F
            +---------+---------+-------+---------+---------+-------
      Total |   34824 |    8645 |  19.9 |     298 |     102 |  25.5
            +---------+---------+-------+---------+---------+-------
        D:1 |      28 |       9 |  24.3 |      15 |       7 |  31.8
        D:2 |      95 |       0 |   0.0 |      26 |       0 |   0.0
        D:3 |      54 |       4 |   6.9 |      19 |       1 |   5.0
        D:4 |     207 |      42 |  16.9 |      10 |       1 |   9.1
        D:5 |     834 |     835 |  50.0 |      26 |       6 |  18.8
        D:6 |     814 |     251 |  23.6 |      27 |       2 |   6.9
        D:7 |     338 |       0 |   0.0 |       5 |       0 |   0.0
        D:8 |    1723 |     611 |  26.2 |      24 |      24 |  50.0
        D:9 |    1066 |    2674 |  71.5 |      17 |      10 |  37.0
       D:10 |    1854 |       0 |   0.0 |      10 |       0 |   0.0
       D:11 |    4137 |     947 |  18.6 |      28 |       7 |  20.0
     Lair:1 |    2481 |     415 |  14.3 |      13 |       1 |   7.1
     Lair:2 |    7346 |     941 |  11.4 |      27 |       4 |  12.9
     Lair:3 |    4698 |     137 |   2.8 |      17 |       1 |   5.6
     Lair:4 |    7634 |       0 |   0.0 |      20 |       0 |   0.0
      Orc:1 |    1247 |       0 |   0.0 |       9 |       0 |   0.0
      Orc:2 |     268 |    1606 |  85.7 |       5 |      17 |  77.3
    Ossuary |       0 |     173 | 100.0 |       0 |      21 | 100.0
            +---------+---------+-------+---------+---------+-------
